 Dungeon Crawl Stone Soup version 0.21.1-1-g345015f (webtiles) character file.

364 corax the Fighter (level 6, -2/57 HPs)
             Began as a Gnoll Wanderer on July 4, 2018.
             Was an Initiate of Gozag.
             Slain by Menkaure (21 damage)
             ... on level 4 of the Dungeon.
             The game lasted 00:10:31 (2284 turns).

corax the Fighter (Gnoll Wanderer)                  Turns: 2284, Time: 00:10:32

Health: -2/57      AC:  6    Str: 16    XL:     6   Next: 67%
Magic:  15/18      EV: 11    Int: 14    God:    Gozag
Gold:   516        SH:  0    Dex: 15    Spells: 9/9 levels left

rFire    . . .     SeeInvis .   a - +3 quarterstaff
rCold    . . .     Gourm    .   (shield currently unavailable)
rNeg     + . .     Faith    .   b - +0 scale mail "Ciunicud" {rElec rN+ MP+9}
rPois    .         Spirit   .   (no helmet)
rElec    +         Reflect  .   (no cloak)
rCorr    .         Harm     .   (no gloves)
MR       .....                  (no boots)
Stlth    +.........             (no amulet)
HPRegen  0.19/turn              d - ring of wizardry
MPRegen  0.16/turn              (no ring)

@: gold aura
A: distributed training, fangs 1, strong nose
a: Potion Petition, Call Merchant, Bribe Branch, Renounce Religion


You were on level 4 of the Dungeon.
You worshipped Gozag.
Gozag was pleased with you.
You were not hungry.

You visited 1 branch of the dungeon, and saw 4 of its levels.
You also visited: Sewer.

You collected 749 gold pieces.
You spent 207 gold pieces at shops.
You paid 26 gold pieces to Gozag.

Inventory:

Hand Weapons
 a - a +3 quarterstaff (weapon)
Missiles
 j - 188 stones (quivered)
 n - 34 bolts
 o - 46 arrows
 p - 7 curare-tipped needles
 q - a throwing net
 x - 12 poisoned needles
Armour
 b - the +0 scale mail "Ciunicud" (worn) {rElec rN+ MP+9}
   (You bought it in a shop on level 4 of the Dungeon)

   It insulates you from electricity.
   It protects you from negative energy.
   It affects your magic capacity (+9).
Magical Staves
 s - an uncursed staff of earth
Jewellery
 d - a ring of wizardry (left hand)
Scrolls
 c - 2 scrolls of teleportation
 m - 3 scrolls of remove curse
 r - a scroll of magic mapping
Potions
 g - 5 potions of agility {unknown}
 h - 10 potions of curing
 i - 2 potions of degeneration {unknown}
 u - a potion of cancellation
 w - 3 potions of heal wounds
 A - a potion of flight
Comestibles
 f - 6 rations


   Skills:
 + Level 8.8 Fighting
 + Level 2.0 Short Blades
 + Level 2.0 Long Blades
 + Level 3.3 Axes
 + Level 2.0 Maces & Flails
 + Level 2.0 Polearms
 + Level 3.3 Staves
 + Level 2.0 Slings
 + Level 2.0 Bows
 + Level 2.0 Crossbows
 + Level 3.3 Throwing
 + Level 2.0 Armour
 + Level 3.3 Dodging
 + Level 4.6 Stealth
 + Level 2.0 Shields
 + Level 2.0 Unarmed Combat
 + Level 2.0 Spellcasting
 + Level 1.6 Conjurations
 + Level 1.6 Hexes
 + Level 1.6 Charms
 + Level 1.6 Summonings
 + Level 1.6 Necromancy
 + Level 1.6 Translocations
 + Level 1.6 Transmutations
 + Level 1.6 Fire Magic
 + Level 1.6 Ice Magic
 + Level 1.6 Air Magic
 + Level 1.6 Earth Magic
 + Level 1.6 Poison Magic
 + Level 2.2 Invocations
 + Level 2.0 Evocations


You had 9 spell levels left.
You didn't know any spells.

Dungeon Overview and Level Annotations

Branches:
Dungeon (4/15)
 Temple: D:4-7

Altars:
Gozag
Hepliaklqana
The Shining One

Shops:
D:2 *   D:4 [

Annotations:
D:4 Blork the orc, Menkaure


Innate Abilities, Weirdness & Mutations

Your experience applies equally to all skills.
You have very sharp teeth.
Your uncanny sense of smell can sniff out nearby items.


Message History

You see here 2 potions of lignification.
You closely miss the orc. Your bite misses the orc.
The orc hits you with a flail.
You hit the orc. Your bite misses the orc.
The orc is lightly wounded.
The orc hits you with a flail.
Menkaure calls on the powers of darkness!
The orc convulses! x2; Your body is wracked with pain!
You sock the orc!
You kill the orc!
You sock the orc!
You kill the orc!
You thump Menkaure!
Menkaure is heavily damaged.
Menkaure closely misses you.
You sock Menkaure!
Menkaure is almost destroyed.
Menkaure hits you!!
You die...
Your body crumbles into a pile of gold.

#..# ##..### #..##
##..## #..$###..## ####
#o.#...# #######
....M%.#.#.[)# #.....#
.......#...#.####...∩.#
...........#!.........#
.......#..####M##.....#
.#.###.#### #@##...[.#
... .. #.######## .#∆
### #.# #.# #.# #.. ∆
#.# ...


You could see Menkaure.

Vanquished Creatures
  A big kobold (Sewer)
  An orc priest (D:4)
  An orc wizard (D:4)
  A worker ant zombie (D:3)
  3 adders
  3 gnolls (D:3)
  4 river rats (Sewer)
  A dart slug (D:1)
  5 leopard geckos
  4 orcs
  3 giant cockroaches
  6 hobgoblins
  14 jackals
  21 kobolds
  A quokka (D:2)
  7 ball pythons
  10 bats
  9 frilled lizards
  4 goblins
  28 rats
127 creatures vanquished.

Notes
Turn   | Place    | Note
-------+----------+-------------------------------------------
     0 | D:1      | corax the Gnoll Wanderer began the quest for the Orb.
     0 | D:1      | corax set off with: a +2 quarterstaff, a potion of lignification, a scroll of teleportation, a +0 robe, a +0 dagger, a ration
     0 | D:1      | Reached XP level 1. HP: 26/26 MP: 1/1
    47 | D:1      | Reached XP level 2. HP: 25/33 MP: 2/2
   254 | D:1      | Reached XP level 3. HP: 38/38 MP: 3/3
   420 | D:2      | Found Gozag's Platinum Reserve.
   420 | D:2      | Found an opulent altar of Gozag.
   451 | D:2      | Became a worshipper of Gozag Ym Sagoz the Greedy
   528 | D:2      | Reached skill level 1 in Invocations
   904 | D:3      | Reached skill level 1 in Short Blades
   904 | D:3      | Reached skill level 1 in Long Blades
   904 | D:3      | Reached skill level 1 in Maces & Flails
   904 | D:3      | Reached skill level 1 in Polearms
   904 | D:3      | Reached skill level 1 in Slings
   904 | D:3      | Reached skill level 1 in Bows
   904 | D:3      | Reached skill level 1 in Crossbows
   904 | D:3      | Reached skill level 1 in Armour
   904 | D:3      | Reached skill level 1 in Shields
   904 | D:3      | Reached skill level 1 in Unarmed Combat
   904 | D:3      | Reached skill level 1 in Spellcasting
   904 | D:3      | Reached skill level 1 in Evocations
   904 | D:3      | Reached XP level 4. HP: 39/45 MP: 5/5
  1185 | D:3      | Found a glowing drain.
  1189 | Sewer    | Entered a sewer
  1288 | Sewer    | Reached skill level 1 in Conjurations
  1288 | Sewer    | Reached skill level 1 in Hexes
  1288 | Sewer    | Reached skill level 1 in Charms
  1288 | Sewer    | Reached skill level 1 in Summonings
  1288 | Sewer    | Reached skill level 1 in Necromancy
  1288 | Sewer    | Reached skill level 1 in Translocations
  1288 | Sewer    | Reached skill level 1 in Transmutations
  1288 | Sewer    | Reached skill level 1 in Fire Magic
  1288 | Sewer    | Reached skill level 1 in Ice Magic
  1288 | Sewer    | Reached skill level 1 in Air Magic
  1288 | Sewer    | Reached skill level 1 in Earth Magic
  1288 | Sewer    | Reached skill level 1 in Poison Magic
  1328 | Sewer    | Reached XP level 5. HP: 24/51 MP: 6/6
  1623 | Sewer    | Noticed a big kobold
  1637 | Sewer    | Killed a big kobold
  1637 | Sewer    | Reached XP level 6. HP: 26/57 MP: 8/8
  1935 | D:3      | Found a hazy altar of Hepliaklqana.
  2184 | D:4      | Found a glowing golden altar of the Shining One.
  2193 | D:4      | Noticed Blork the orc
  2220 | D:4      | Found Wooxaov's Antique Armour Shop.
  2231 | D:4      | Bought a jewelled scale mail for 207 gold pieces
  2243 | D:4      | Identified the +0 scale mail "Ciunicud" {rElec rN+ MP+9} (You bought it in a shop on level 4 of the Dungeon)
  2263 | D:4      | Noticed Menkaure
  2284 | D:4      | Slain by Menkaure

Skill      XL: |  1  2  3  4  5  6 |
---------------+-------------------+-----
Invocations    | 1 2 |  2.2
Short Blades   | 1 2 |  2.0
Long Blades    | 1 2 |  2.0
Maces & Flails | 1 2 |  2.0
Polearms       | 1 2 |  2.0
Slings         | 1 2 |  2.0
Bows           | 1 2 |  2.0
Crossbows      | 1 2 |  2.0
Armour         | 1 2 |  2.0
Shields        | 1 2 |  2.0
Unarmed Combat | 1 2 |  2.0
Spellcasting   | 1 2 |  2.0
Evocations     | 1 2 |  2.0
Conjurations   | 1 |  1.6
Hexes          | 1 |  1.6
Charms         | 1 |  1.6
Summonings     | 1 |  1.6
Necromancy     | 1 |  1.6
Translocations | 1 |  1.6
Transmutations | 1 |  1.6
Fire Magic     | 1 |  1.6
Ice Magic      | 1 |  1.6
Air Magic      | 1 |  1.6
Earth Magic    | 1 |  1.6
Poison Magic   | 1 |  1.6
Axes           | 3 |  3.3
Staves         | 3 |  3.3
Throwing       | 3 |  3.3
Dodging        | 3 |  3.3
Fighting       | |  8.8
Stealth        | |  4.6

Action                   |  1- 3 |  4- 6 || total
-------------------------+-------+-------++-------
Melee: Quarterstaff      |    85 |   212 ||   297
       Bite              |     6 |    22 ||    28
Throw: Stone             |       |     6 ||     6
Invok: Potion Petition   |       |     1 ||     1
  Use: Scroll            |       |    13 ||    13
 Stab: Sleeping          |     5 |     3 ||     8
  Eat: Ration            |       |     2 ||     2
Armor: Robe              |     6 |       ||     6
       Leather armour    |    18 |    48 ||    66
       Scale mail        |       |     3 ||     3
Dodge: Dodged            |    88 |   171 ||   259
